Map: Cradle of Death

Players

Topelius

  • Race: Terran Terran

NamroodTuo

  • Race: Terran Terran
  • Spawn Location: 0:00

VOD

Have the link to the VOD?

Description

Time

  • Played on: Jan. 21, 2023, 7:40 a.m.
  • Length: 24:27
Show
View Real Time Build Order
Export as new Build Order

Topelius Terran 

Build Orders:  

Get SALT Encoding   

  12  0:05  Starport Tech Lab  
  13  0:13  Unknown  
  13  0:15  SCV  
  14  0:31  SCV  
  14  0:46  Refinery  
  14  0:48  SCV  
  15  0:57  Supply Depot  
  15  1:08  Assault Galleon  
  15  1:22  Refinery  
  16  1:32  SCV  
  16  1:39  Supply Depot  
  16  1:49  SCV  
  17  2:06  SCV  
  17  2:08  Assault Galleon  
  19  2:23  SCV  
  20  2:40  SCV  
  20  2:57  SCV  
  22  3:14  SCV  
  22  3:15  Reaper x2  
  24  3:25  Reaper x2  
  27  3:31  SCV  
  27  3:45  Reaper x2  
  27  3:48  SCV  
  29  3:55  Hellbat  
  31  4:07  Supply Depot  
  31  4:17  Supply Depot  
  31  4:37  Hellbat  
  34  4:42  SCV  
  34  4:59  SCV  
  35  5:16  SCV  
  37  5:31  Command Center  
  37  5:33  SCV  
  37  5:38  Engineering Bay  
  37  6:03  Armory  
  37  6:08  Armory  
  37  6:19  Unknown  
  35  6:36  SCV  
  36  6:41  Hellbat  
  36  6:42  Hellbat  
  40  6:51  Reaper  
  40  6:52  Reaper  
  42  7:16  Supply Depot  
  42  7:29  Fusion Core  
  42  7:48  SCV  
  43  8:05  SCV  
  43  8:06  Command Center  
  45  8:22  SCV  
  42  8:36  Missile Turret  
  42  8:39  SCV  
  43  8:45  Strike Fighter Platform  
  49  8:56  SCV  
  52  9:03  Missile Turret  
  52  9:17  Strike Fighter Platform  
  53  9:30  SCV, Missile Turret  
  53  9:31  Refinery  
  53  9:34  Refinery  
  53  9:47  SCV, Hellbat x2  
  58  9:51  Strike Fighter Platform  
  58  9:56  Missile Turret  
  58  9:57  Hellbat x2  
  63  10:04  SCV  
  64  10:21  SCV  
  64  10:22  Strike Fighter Platform  
  64  10:25  Missile Turret  
  64  10:28  SCV  
  65  10:30  W.I.L.D. Missiles  
  65  10:33  LE9 Cluster Charges  
  65  10:37  SCV  
  66  10:41  Unknown  
  66  10:45  SCV  
  67  10:56  Missile Turret  
  70  11:14  Horner Weapons Level 1  
  70  11:15  Executioner Missiles, Horner Armor Level 1  
  70  11:20  Drone Hangar  
  70  11:33  Tactical Jump  
  70  11:50  Supply Depot  
  70  11:57  Supply Depot  
  70  12:07  SCV  
  71  12:18  Black Market Launchers  
  71  12:22  Supply Depot  
  71  12:25  SCV  
  71  12:29  Supply Depot  
  75  12:36  Multi-Threaded Sensors  
  75  12:38  Drone Hangar  
  76  12:42  SCV  
  76  12:54  Supply Depot  
  76  12:59  SCV  
  77  13:02  Supply Depot  
  77  13:16  SCV  
  78  13:25  Supply Depot  
  78  13:27  Strike Fighter Platform  
  87  13:33  SCV  
  87  13:35  Strike Fighter Platform  
  87  13:39  Unregistered Cloak System  
  91  13:45  Supply Depot  
  92  13:50  SCV  
  92  13:58  Supply Depot, Strike Fighter Platform  
  92  14:07  SCV  
  92  14:08  Strike Fighter Platform  
  93  14:12  Jetpack Overdrive  
  93  14:16  Supply Depot  
  94  14:24  SCV  
  94  14:29  Strike Fighter Platform  
  94  14:47  Supply Depot  
  94  15:03  Strike Fighter Platform  
  94  15:07  Horner Weapons Level 2, Horner Armor Level 2  
  94  15:08  Unknown  
  94  15:15  Aerosol Stim Emitters  
  94  15:18  Supply Depot  
  89  15:51  Supply Depot  
  89  15:57  Wildfire Explosives  
  85  16:21  Supply Depot  
  85  17:02  Reaper x2  
  85  17:08  Theia Raven  
  85  17:09  Sovereign Battlecruiser  
  99  17:12  Reaper x2, Asteria Wraith  
  99  17:13  Theia Raven  
  111  17:22  Reaper x2  
  113  17:32  Reaper x2  
  113  17:41  Reaper  
  113  17:42  Reaper  
  115  17:55  Asteria Wraith  
  123  18:26  Reaper x2  
  124  18:35  Reaper  
  124  18:36  Reaper  
  124  18:37  Sovereign Battlecruiser  
  124  18:39  Asteria Wraith  
  134  20:42  Unknown, Hellbat x2  
  138  20:52  Hellbat x2  
  142  21:01  Hellbat  
  142  21:02  Hellbat  
  146  21:11  Reaper  
  146  21:12  Reaper  
  148  21:21  Reaper  
  148  21:22  Reaper  
  133  22:55  Sovereign Battlecruiser  
  133  22:57  Sovereign Battlecruiser  
  146  23:12  Reaper, Hellbat  
  144  23:22  Reaper x2  
  144  23:23  Theia Raven  
  148  23:32  Reaper x2  
  150  23:42  Reaper x2  
  152  23:52  Reaper x2  
Show
View Real Time Build Order
Export as new Build Order

NamroodTuo Terran 

Build Orders:  

Get SALT Encoding   

  12  0:03  SCV  
  13  0:11  Unknown  
  13  0:20  SCV  
  14  0:33  Supply Depot  
  14  0:37  SCV  
  15  1:03  SCV  
  16  1:20  Barracks, SCV  
  16  1:27  Supply Depot  
  17  1:37  SCV  
  18  1:54  SCV  
  18  1:59  Refinery  
  19  2:02  Marine  
  20  2:11  SCV  
  20  2:15  Marine  
  22  2:27  Marine  
  22  2:28  SCV  
  24  2:37  Barracks  
  24  2:40  Marine  
  24  2:41  Supply Depot  
  24  2:45  SCV  
  26  2:52  Marine  
  27  3:03  Refinery  
  27  3:05  SCV  
  28  3:22  SCV  
  28  3:27  Supply Depot  
  28  3:29  Barracks Tech Lab  
  29  3:39  SCV  
  30  3:40  Engineering Bay  
  30  3:46  Marine  
  31  3:58  Marine  
  31  3:59  SCV  
  33  4:11  Marine  
  33  4:16  SCV  
  35  4:25  Barracks  
  35  4:29  Terran Infantry Weapons Level 1  
  35  4:33  SCV, Marine  
  30  4:50  SCV  
  38  5:14  Unknown  
  38  5:55  Factory  
  38  5:59  Supply Depot  
  38  6:15  SCV  
  38  6:16  Unknown  
  39  6:28  Bunker  
  39  6:32  SCV  
  40  6:48  Marine  
  40  6:49  SCV, Marine x2  
  43  6:50  Missile Turret  
  44  7:01  Marine x3  
  44  7:04  Unknown, Concussive Shells  
  44  7:09  Terran Infantry Armor Level 1  
  47  7:14  Medic  
  47  7:17  Barracks Tech Lab  
  47  7:18  Bunker  
  49  7:22  Barracks Tech Lab  
  49  7:26  Medic  
  51  7:39  Medic  
  53  7:40  Missile Turret  
  53  7:51  Medic  
  55  8:09  Bunker  
  55  8:10  Armory  
  55  8:31  Missile Turret  
  55  8:59  Neosteel Frame  
  55  9:04  Marine  
  55  9:56  Bunker  
  55  10:13  Supply Depot  
  55  10:21  Bunker  
  55  10:43  Marine x2, Medic  
  55  10:47  Missile Turret  
  55  10:49  Structure Armor  
  59  10:55  Marine x3  
  59  10:58  Supply Depot  
  62  11:08  Marine  
  63  11:19  Missile Turret  
  63  11:28  Marine x3  
  66  11:30  Supply Depot  
  66  11:40  Marine x3  
  66  11:47  Missile Turret  
  66  11:49  Terran Infantry Weapons Level 2  
  69  11:53  Marine x2  
  69  11:54  Supply Depot  
  69  11:59  Marine  
  71  12:02  Supply Depot  
  71  12:05  Marine, Medic  
  75  12:12  Medic  
  75  12:18  Marine  
  78  12:24  Medic  
  78  12:25  Supply Depot  
  80  12:34  Barracks  
  80  12:39  Marine  
  80  12:40  Marine x2  
  83  12:52  Marine x3  
  83  12:56  Supply Depot  
  86  13:04  Marine  
  86  13:05  Marine x2  
  89  13:11  Marine  
  89  13:17  Marine x3  
  93  13:24  Marine  
  93  13:28  Supply Depot  
  91  14:05  Marine x2, Medic  
  91  14:06  Medic  
  96  14:17  Marine  
  96  14:18  Marine, Medic x2  
  102  14:29  Marine  
  101  14:30  Marine, Medic  
  105  14:48  Marine  
  105  14:49  Marine x3  
  109  14:59  Terran Infantry Armor Level 2  
  109  15:01  Marine x4  
  109  15:05  Unknown  
  113  15:13  Marine x2  
  115  15:30  Supply Depot  
  115  16:01  Marine x4  
  115  16:04  Supply Depot  
  119  16:13  Marine  
  119  16:14  Marine x2  
  122  16:37  Supply Depot  
  117  18:08  Terran Infantry Weapons Level 3  
  117  18:16  Unknown  
  117  18:19  Bunker  
  117  18:33  Marine x4  
  121  18:45  Marine  
  121  18:46  Marine x3  
  125  18:58  Marine x4  
  129  19:10  Marine  
  129  19:11  Marine x3  
  132  19:22  Marine  
  132  19:23  Marine x3  
  132  19:25  Bunker  
  124  20:21  Marine x2  
  124  20:22  Marine, Medic  
  129  20:32  Command Center  
  129  20:34  Marine x2, Medic x2  
  129  20:39  Supply Depot  
  135  20:40  Unknown  
  135  20:46  Marine, Medic x2  
  135  20:47  Marine  
  141  20:58  Marine  
  141  20:59  Marine  
  142  21:05  Bunker  
  142  21:09  Medic x2  
  147  21:10  Supply Depot  
  147  21:11  Marine  
  147  21:12  Marine  
  149  21:21  Medic  
  149  21:28  Bunker, Marine  
  151  21:31  Medic  
  151  21:35  Marine  
  151  21:40  Marine  
  151  21:41  Marine  
  151  21:43  Supply Depot  
  151  21:44  Marine  
  151  21:48  Marine  
  155  21:52  Marine  
  155  21:53  Marine  
  155  21:56  Medic  
  155  21:58  Supply Depot  
  159  22:12  Marine x3, Medic  
  159  22:15  Supply Depot  
Tags
 
Commander
HornerRaynor
Matchup
Co-op
Replay Pack
Multiplayer
Add a new tag
Caveats
  • Supply blocks, unpowered buildings, or Contaminate may cause inaccurate times.
  • Supply counts are checked every 10 seconds.